 Dungeon Crawl Stone Soup version 0.16.2-2-g470672f (webtiles) character file.

254 FruitAndGarbage the Conjurer (level 5, -9/28 HPs)
             Began as a Deep Elf Conjurer on Aug 17, 2015.
             Mangled by Pikel
             ... wielding a +0 whip of flaming
              (10 damage)
             ... on level 4 of the Dungeon.
             The game lasted 00:11:03 (2828 turns).

FruitAndGarbage the Conjurer (Deep Elf Conjurer)    Turns: 2828, Time: 00:11:03

Health: -9/28      AC:  4    Str:  5    XL:     5   Next: 91%
Magic:  0/18       EV: 13    Int: 21    God:
Gold:   123        SH:  0    Dex: 15    Spells: 4 memorised, 2 levels left

rFire  . . .     SeeInvis .     n - staff of cold
rCold  + . .     Clarity  .     a - +0 robe
rNeg   . . .     SustAb   .     (no shield)
rPois  .         Gourm    .     r - +0 helmet
rElec  .         Spirit   .     k - +0 cloak
rCorr  .         Warding  .     (no gloves)
rMut   .         Stasis   .     (no boots)
MR     .....                    (no amulet)
Stlth  ++........               (no ring)
                                (no ring)

@: not resistant to hostile enchantments, unstealthy
A: no striking features
a: no special abilities


You were on level 4 of the Dungeon.
You were near starving.

You visited 1 branch of the dungeon, and saw 4 of its levels.

You collected 123 gold pieces.

Inventory:

Armour
 a - a +0 robe (worn)
 k - a +0 cloak (worn)
 r - a +0 helmet (worn)
Magical staves
 n - an uncursed staff of cold (weapon)
Jewellery
 m - an uncursed ring of poison resistance {unknown}
Magical devices
 q - a wand of slowing (24)
Scrolls
 e - 2 scrolls of magic mapping {unknown}
 h - 2 scrolls of identify {unknown}
 l - 3 scrolls of teleportation {unknown}
 o - a scroll of enchant armour {unknown}
 t - 2 scrolls of remove curse {unknown}
 u - a scroll of noise {unknown}
 v - a scroll of fear {unknown}
Potions
 d - a potion of invisibility {unknown}
 f - a potion of resistance {unknown}
 g - 2 potions of might {unknown}
 i - a potion of restore abilities {unknown}
 s - a potion of poison {unknown}
Books
 c - a book of Conjurations

   Spells                             Type                      Level
   a - Magic Dart                     Conjuration                  1
   b - Searing Ray                    Conjuration                  2
   c - Dazzling Spray                 Conjuration/Hexes            3
   d - Fulminant Prism                Conjuration/Hexes            4
   e - Iskenderun's Mystic Blast      Conjuration                  4
   f - Iskenderun's Battlesphere      Conjuration/Charms           5
Comestibles
 b - 5 bread rations
 j - 2 beef jerkies
 p - a meat ration


   Skills:
 * Level 0.7 Fighting
 + Level 2.8 Dodging
 + Level 3.1 Stealth
 + Level 4.4 Spellcasting
 + Level 6.2 Conjurations
 * Level 3.1 Hexes


You had 2 spell levels left.
You knew the following spells:

 Your Spells              Type           Power        Failure   Level  Hunger
a - Magic Dart            Conj           ####         1%          1    None
b - Searing Ray           Conj           ####..       1%          2    #......
c - Dazzling Spray        Conj/Hex       ###.....     6%          3    ##.....
d - Fulminant Prism       Conj/Hex       ###.......   21%         4    ####...


Dungeon Overview and Level Annotations

Branches:
Dungeon (4/15)
 Temple: D:4-7

Altars:

Annotations:
D:4 Karasu's ghost, average TeSu; Pikel


Message History

Confirm with . or Enter, or press ? or * to list all spells.
Aiming: Dazzling Spray
Press: ? - help, Shift-Dir - straight line, f/p - Pikel
Aim: Pikel, wielding a whip of flaming and wearing a robe (heavily wounded)
The spray of energy hits Pikel.
Pikel is heavily wounded.
Pikel hits you with a whip of flaming.
* * * LOW HITPOINT WARNING * * *
Pikel burns you.
* * * LOW HITPOINT WARNING * * *
Casting: Dazzling Spray
Confirm with . or Enter, or press ? or * to list all spells.
Aiming: Dazzling Spray
Press: ? - help, Shift-Dir - straight line, f/p - Pikel
Aim: Pikel, wielding a whip of flaming and wearing a robe (heavily wounded)
The spray of energy hits Pikel.
Pikel is heavily wounded.
Pikel says, "You'll feel the lick of my whip!"
Pikel hits you with a whip of flaming!
You die...

#............#
............#...#########
........................#
......#.................#
.....#..........)......#
..#...................#
.#.............#######
.............#
...#....@..# #....K###
#.....###### #.....##...#
#.#..pp....###
.##+#..........#
.......p.......#
#..............###
#.......p..........


You could see Pikel and 4 slaves.

Vanquished Creatures
  A scorpion (D:4)
  2 orc priests
  A hound (D:4)
  Robin (D:2)
  A gnoll (D:3)
  3 adders
  A worm (D:3)
  An ooze (D:3)
  7 orcs
  6 bats
  5 giant cockroaches
  13 hobgoblins
  2 quokkas (D:3)
  A ball python skeleton (D:4)
  A giant gecko (D:2)
  A giant newt (D:2)
  11 goblins
  12 kobolds
  7 rats
77 creatures vanquished.

Vanquished Creatures (others)
  2 fulminant prisms (D:4)
2 creatures vanquished.

Grand Total: 79 creatures vanquished

Notes
Turn   | Place    | Note
--------------------------------------------------------------
     0 | D:1      | FruitAndGarbage, the Deep Elf Conjurer, began the quest for the Orb.
     0 | D:1      | Reached XP level 1. HP: 10/10 MP: 5/5
   157 | D:1      | Reached XP level 2. HP: 15/15 MP: 1/8
   513 | D:1      | Reached skill level 5 in Conjurations
   735 | D:2      | Learned a level 2 spell: Searing Ray
   761 | D:2      | Reached XP level 3. HP: 19/19 MP: 5/11
   766 | D:2      | Learned a level 3 spell: Dazzling Spray
   977 | D:2      | Noticed Robin
  1092 | D:2      | Killed Robin
  1092 | D:2      | Reached skill level 1 in Hexes
  1711 | D:3      | Reached XP level 4. HP: 12/24 MP: 7/13
  1938 | D:3      | Learned a level 4 spell: Fulminant Prism
  2525 | D:4      | Noticed Pikel
  2525 | D:4      | Noticed a slave
  2525 | D:4      | Noticed a slave
  2578 | D:4      | Noticed Karasu's ghost (average TeSu)
  2634 | D:4      | Reached XP level 5. HP: 26/28 MP: 7/18
  2689 | D:4      | Reached skill level 6 in Conjurations
  2817 | D:4      | Noticed a slave
  2818 | D:4      | Noticed a slave
  2827 | D:4      | HP: 1/28 [Pikel/whip of flaming (1)]
  2828 | D:4      | Mangled by Pikel

Action                   |  1- 3 |  4- 6 || total
-------------------------+-------+-------++-------
 Cast: Magic Dart        |    74 |    53 ||   127
       Dazzling Spray    |     6 |     2 ||     8
       Searing Ray       |     2 |     7 ||     9
       Fulminant Prism   |       |     2 ||     2
  Eat: Chunk             |     1 |     4 ||     5
